 Dungeon Crawl Stone Soup version 0.22-a0-348-gd16d139 (webtiles) character file.

180 Gorglomux the Ruffian (level 5, 0/45 HPs)
             Began as a Minotaur Earth Elementalist on Apr 9, 2018.
             Slain by a sky beast (5 damage)
             ... on level 2 of the Dungeon.
             The game lasted 00:02:39 (3144 turns).

Gorglomux the Ruffian (Minotaur Earth Elementalist) Turns: 3144, Time: 00:02:40

Health: 0/45       AC:  5    Str: 18    XL:     5   Next: 33%
Magic:  6/6        EV: 11    Int: 12    God:
Gold:   100        SH:  4    Dex: 11    Spells: 5/6 levels left

rFire    . . .     SeeInvis .   T - +0 whip (elec)
rCold    . . .     Gourm    .   j - +0 buckler
rNeg     . . .     Faith    .   V - +0 ring mail
rPois    .         Spirit   .   (helmet restricted)
rElec    .         Reflect  .   (no cloak)
rCorr    .         Harm     .   (no gloves)
MR       .....                  (no boots)
Stlth    +.........             (no amulet)
HPRegen  0.15/turn              (no ring)
MPRegen  0.10/turn              (no ring)

@: mighty
A: retaliatory headbutt, horns 2
a: no special abilities


You were on level 2 of the Dungeon.
You were hungry.

You visited 1 branch of the dungeon, and saw 3 of its levels.

You collected 100 gold pieces.

Inventory:

Hand Weapons
 T - a +0 whip of electrocution (weapon)
Missiles
 b - 135 stones (quivered)
Armour
 j - a +0 buckler (worn)
 V - a +0 ring mail (worn)
Scrolls
 i - 2 scrolls of remove curse {unknown}
 k - a scroll of teleportation {unknown}
 l - 2 scrolls of enchant weapon {unknown}
 R - 4 scrolls of identify
Potions
 Q - 2 potions of curing
 U - a potion of haste {unknown}
 X - a potion of lignification {unknown}
Comestibles
 d - 4 rations
 Y - 3 chunks of flesh


   Skills:
 + Level 3.2 Fighting
 - Level 2.1 Dodging
 - Level 1.5 Stealth
 + Level 3.2 Shields
 - Level 3.3 Unarmed Combat
 - Level 1.3 Spellcasting
   Level 0.7 Transmutations
 - Level 2.4 Earth Magic


You had 5 spell levels left.
You knew the following spells:

 Your Spells              Type           Power        Failure   Level  Hunger
a - Sandblast             Erth           #.....       22%         1    ##.....


Dungeon Overview and Level Annotations

Branches:
Dungeon (3/15)

Altars:


Innate Abilities, Weirdness & Mutations

You reflexively headbutt those who attack you in melee.
You have a pair of horns on your head.


Message History

It was a potion of curing!
You feel better!
Q - 2 potions of curing The sky beast flickers out of butt!!!
Deactivating autopickup; reactivate with Ctrl-A!
Something hits you! Something shocks you!
You feel very mighty all of a sudden! Something hits you but does no damage!
You are feeling hungry!
You closely miss something! Something hits you but does no damage!
You closely miss something! Your headbutt misses something! Something hits you!
Something butts you!
You punish something, causing immense pain!!!
Something hits you! * * * don't die
* * * Something shocks you! * * * don't die
* * * You miss something!
Something butts you! * * * don't die
* * * Something butts you! butt

###.# #.# #.#.###.# #.......#
#.#.##### #.#.# #.#.#
######################### #.#.#
#........................
#.#.#####.#######################
...............{@# #.......######
#.#.#.###.#.###### #.#####.).....
#.....# #.#.# #.# ########
......# #.#.########.############
####..# #.#..^...)...............
#....###.##########.############
#..........# #...#.# ####.###.#.#
#.#.#.# # #.# #.#.####.#.#.#


There were no monsters in sight!

Vanquished Creatures
  A howler monkey (D:3)
  An orc wizard (D:3)
  A gnoll (D:1)
  An adder (D:2)
  2 oozes
  2 worms (D:2)
  3 dart slugs
  3 leopard geckos
  14 orcs
  2 ball pythons
  A goblin (D:1)
  4 hobgoblins
  2 jackals (D:1)
  2 quokkas
  9 bats
  A frilled lizard (D:3)
  4 kobolds
  9 rats
62 creatures vanquished.

Notes
Turn   | Place    | Note
-------+----------+-------------------------------------------
     0 | D:1      | Gorglomux the Minotaur Earth Elementalist began the quest for the Orb.
     0 | D:1      | Reached XP level 1. HP: 14/14 MP: 1/1
    12 | D:1      | Reached skill level 1 in Unarmed Combat
    57 | D:1      | Reached XP level 2. HP: 4/20 MP: 0/3
  1055 | D:1      | Reached skill level 3 in Unarmed Combat
  1055 | D:1      | Reached XP level 3. HP: 8/26 MP: 0/4
  1722 | D:2      | Reached skill level 1 in Fighting
  1722 | D:2      | Reached skill level 1 in Shields
  2026 | D:2      | Reached XP level 4. HP: 22/35 MP: 5/5
  2579 | D:3      | Noticed a sky beast
  2799 | D:3      | Reached XP level 5. HP: 42/42 MP: 6/6
  2893 | D:3      | Reached skill level 3 in Fighting
  2893 | D:3      | Reached skill level 3 in Shields
  3144 | D:2      | Slain by a sky beast

Vault maps used:
D:1:      evilmike_arrival_plus, hangedman_glass_teeth
D:3:      first_ration

Skill      XL: |  1  2  3  4  5 |
---------------+----------------+-----
Unarmed Combat | 1 3 |  3.3
Fighting       | 1 2 3 |  3.2
Shields        | 1 2 3 |  3.2
Dodging        | |  2.1
Stealth        | |  1.5
Spellcasting   | |  1.3
Transmutations | |  0.7
Earth Magic    | |  2.4

Action                   |  1- 3 |  4- 6 || total
-------------------------+-------+-------++-------
Melee: Unarmed           |    51 |       ||    51
       Headbutt          |    15 |     6 ||    21
       Whip              |    30 |    74 ||   104
 Cast: Sandblast         |     9 |     4 ||    13
  Use: Scroll            |     1 |       ||     1
       Potion            |       |     2 ||     2
 Stab: Sleeping          |     3 |     1 ||     4
  Eat: Chunk             |     4 |     3 ||     7
Armor: Robe              |    18 |    15 ||    33
       Ring mail         |       |     8 ||     8
Dodge: Dodged            |    64 |    57 ||   121
Block: Buckler           |       |     3 ||     3

Table legend:
 A = Spawn XP
 B = Non-spawn XP
 C = Spawn XP percentage of total XP
 D = Spawn monster count
 E = Non-spawn monster count
 F = Spawn count percentage of total count
 G = Total turns spent on level
                    A         B        C        D         E        F      G
               +---------+---------+-------+---------+---------+-------+---------
         Total |       0 |     258 |   0.0 |       0 |      62 |   0.0 |  3144
               +---------+---------+-------+---------+---------+-------+---------
           D:1 |       0 |      48 |   0.0 |       0 |      16 |   0.0 |  1347
           D:2 |       0 |      82 |   0.0 |       0 |      29 |   0.0 |  1428
           D:3 |       0 |     128 |   0.0 |       0 |      17 |   0.0 |   369
               +---------+---------+-------+---------+---------+-------+---------
